 Dungeon Crawl Stone Soup version 0.25-a0-667-gb977e01cb5 (webtiles) character file.

Game seed: 11476083148960988382, levelgen mode: deterministic

35 Alarkh the Ruffian (level 3, 25/29 HPs)
             Began as a Demonspawn Fighter on Mar 27, 2020.
             Got out of the dungeon alive.
             The game lasted 00:00:48 (855 turns).

Alarkh the Ruffian (Demonspawn Fighter)              Turns: 855, Time: 00:00:48

Health: 25/29      AC:  8    Str: 16    XL:     3   Next: 17%
Magic:  3/3        EV:  6    Int: 10    God:
Gold:   39         SH:  8    Dex: 12    Spells: 2/2 levels left

rFire    . . .     SeeInvis .     - Unarmed
rCold    . . .     Gourm    .   b - +0 kite shield
rNeg     . . .     Faith    .   a - +0 scale mail
rPois    .         Spirit   .   (no helmet)
rElec    .         Reflect  .   (no cloak)
rCorr    .         Harm     .   (no gloves)
MR       .....                  (no boots)
Stlth    ..........             (no amulet)
HPRegen  0.09/turn              (no ring)
MPRegen  0.08/turn              (no ring)

@: no status effects
A: slimy green scales 1, spiny 1
a: no special abilities


You escaped.
You were not hungry.

You visited 1 branch of the dungeon, and saw 2 of its levels.

You collected 39 gold pieces.

Inventory:

Armour
 a - a +0 scale mail (worn)
 b - a +0 kite shield (worn)
Scrolls
 g - 3 scrolls of remove curse {unknown}
 i - a scroll of magic mapping {unknown}
 j - 3 scrolls of teleportation {unknown}
Potions
 c - a potion of might
 e - a potion of resistance {unknown}
 h - a potion of brilliance {unknown}
 k - 2 potions of curing {unknown}
Comestibles
 d - 2 rations


   Skills:
 - Level 3.0 Fighting
 - Level 2.6 Armour
 - Level 2.6 Shields
 + Level 3.3 Unarmed Combat


You had 2 spell levels left.
You didn't know any spells.
Your spell library was empty.

Dungeon Overview and Level Annotations

Branches:
Dungeon (2/15)

Altars:


Innate Abilities, Weirdness & Mutations

You are partially covered in slimy green scales. (AC +2)
You are partially covered in sharp spines.


Message History

You kill the adder!
You have reached level 3!
Your experience leads to an increase in your attributes!
Increase (S)trength, (I)ntelligence, or (D)exterity?
You feel clever.
Your demonic ancestry asserts itself...
Slimy green scales grow over part of your body.
You feel sick.
You climb upwards.
There is a stone staircase leading down here.
You feel sick.
You climb downwards.
There is a stone staircase leading up here.
You climb upwards.
You feel sick.
There is a stone staircase leading down here.
You feel sick.
You feel sick.
You are no longer poisoned.
There is a staircase leading out of the dungeon here.
Are you sure you want to leave the Dungeon?
This will make you lose the game!
You have escaped!

###########
#≈≈≈≈≈≈≈≈≈≈≈≈≈≈≈≈
#≈≈≈≈≈≈≈≈≈≈≈≈≈≈≈≈
#≈≈≈.≈..≈≈≈≈≈≈≈≈≈
#≈.^≈≈≈≈≈≈≈≈≈≈≈≈≈
#.....≈≈≈.≈≈≈≈≈≈≈
##......≈≈≈≈≈≈≈≈≈
#(......≈≈.≈≈≈≈≈
##.......@≈≈.≈≈≈≈#
#..........≈≈.≈≈≈# ###
#..............≈≈# ..#
##...[.......≈≈≈≈≈# ..#
#..............≈≈≈# ..#
###...............≈≈#
..###................≈≈≈#
....................≈.≈≈#
#...............###.≈≈≈≈#


There were no monsters in sight!

Vanquished Creatures
  An adder (D:2)
  2 oozes (D:1)
  4 bats (D:1)
  A goblin (D:1)
  A hobgoblin (D:1)
  3 jackals (D:1)
  2 kobolds (D:1)
  2 frilled lizards (D:1)
  2 rats (D:1)
18 creatures vanquished.

Notes
Turn   | Place    | Note
-------+----------+-------------------------------------------
     0 | D:1      | Alarkh the Demonspawn Fighter began the quest for the Orb.
     0 | D:1      | Reached XP level 1. HP: 18/18 MP: 1/1
   348 | D:1      | Gained mutation: You are partially covered in sharp spines.
                  | [demonic ancestry]
   348 | D:1      | Reached XP level 2. HP: 24/24 MP: 2/2
   826 | D:2      | Gained mutation: You are partially covered in slimy green
                  | scales. (AC +2) [demonic ancestry]
   826 | D:2      | Reached XP level 3. HP: 27/29 MP: 3/3
   855 | D:$      | Got out of the dungeon alive.

Levels and vault maps discovered:
D:1:      nicolae_arrival_washed_ashore, layout_basic, kennysheep_minor_cross,
          minmay_ruptured
D:2:      layout_loops_ring, lemuel_round_altar

Skill      XL: |  1  2 |
---------------+-------+-----
Unarmed Combat | 2 3 |  3.3
Fighting       | |  3.0
Armour         | |  2.6
Shields        | |  2.6

Action                   || total
-------------------------++-------
Melee: Unarmed           ||    75
Armor: Scale mail        ||    51
Dodge: Dodged            ||    25
Block: Kite shield       ||    37

Table legend:
 A = Non-vault XP
 B = Vault XP
 C = Vault XP percentage of total XP
 D = Non-vault monster count
 E = Vault monster count
 F = Vault count percentage of total count
                 A         B        C        D         E       F
            +---------+---------+-------+---------+---------+-------
      Total |      41 |      10 |  19.6 |      15 |       3 |  16.7
            +---------+---------+-------+---------+---------+-------
        D:1 |      28 |      10 |  26.3 |      14 |       3 |  17.6
        D:2 |      13 |       0 |   0.0 |       1 |       0 |   0.0
            +---------+---------+-------+---------+---------+-------
